 Dungeon Crawl Stone Soup version 0.22-a0-469-gf26638a (webtiles) character file.

2123 Gildeon the Poker (level 9, -3/88 HPs)
             Began as a Troll Fighter on June 13, 2018.
             Was an Initiate of Trog.
             Slain by a killer bee (7 damage)
             ... on level 8 of the Dungeon.
             The game lasted 00:27:40 (5108 turns).

Gildeon the Poker (Troll Fighter)                   Turns: 5108, Time: 00:27:41

Health: -3/88      AC:  5    Str: 26    XL:     9   Next: 8%
Magic:  8/8        EV: 12    Int:  4    God:    Trog [......]
Gold:   308        SH:  0    Dex: 12    Spells: 8/8 levels left

rFire    . . .     SeeInvis .   c - +0 trident (venom)
rCold    . . .     Gourm    +   (no shield)
rNeg     . . .     Faith    .   b - +0 robe
rPois    .         Spirit   .   (helmet restricted)
rElec    .         Reflect  .   (no cloak)
rCorr    .         Harm     .   (gloves unavailable)
MR       .....                  (boots unavailable)
Stlth    +.........             (no amulet)
HPRegen  0.64/turn              e - ring of flight
MPRegen  0.11/turn              (no ring)

@: confused, lethally poisoned (-3 -> -5)
A: large, unfitting armour, claws 3, fast metabolism 3, gourmand, regeneration
1, shaggy fur 1, tough skin 2
a: Renounce Religion, Evoke Flight


You were on level 8 of the Dungeon.
You worshipped Trog.
Trog was noncommittal.
You were very full.

You visited 2 branches of the dungeon, and saw 9 of its levels.

You collected 308 gold pieces.

Inventory:

Hand Weapons
 a - a +2 trident
 c - a +0 trident of venom (weapon)
 j - a +0 halberd
Armour
 b - a +0 robe (worn)
Jewellery
 e - a ring of flight (left claw)
Wands
 g - a wand of iceblast (10)
 s - a wand of clouds (10)
Scrolls
 d - 4 scrolls of remove curse
 i - a scroll of fear
 k - 2 scrolls of teleportation
 p - a scroll of blinking
Potions
 h - a potion of curing
 l - a potion of ambrosia
 m - 2 potions of heal wounds {unknown}
 n - 2 potions of magic {unknown}
 o - a potion of agility {unknown}
 q - a potion of mutation {unknown}
 r - a potion of invisibility {unknown}
Comestibles
 f - 13 rations


   Skills:
 - Level 5.0 Fighting
 * Level 6.6 Polearms
 + Level 4.3 Armour
 - Level 5.0 Dodging
   Level 2.4 Shields


You had 8 spell levels left.
You didn't know any spells.
Your spell library was empty.

Dungeon Overview and Level Annotations

Branches:
Dungeon (8/15)             Temple (1/1) D:6
   Lair: D:8-11

Altars:
Ashenzari
Dithmenos
Elyvilon
Nemelex Xobeh
Okawaru
Ru
Trog
Wu Jian
Yredelemnul
Zin
The Shining One

Annotations:
D:6 4thArraOfDagon's ghost, novice HOFi


Innate Abilities, Weirdness & Mutations

You are too large for most types of armour.
You have claws for hands.
Your metabolism is lightning-fast.
You like to eat raw meat.
Your natural rate of healing is unusually fast.
You are covered in fur. (AC +1)
You have very tough skin. (AC +2)


Message History

You feel sick. The killer bee stings you.
* * * LOW HITPOINT WARNING * * *
You feel sick. The killer bee stings you.
* * * LOW HITPOINT WARNING * * *
The killer bee stings you.
* * * LOW HITPOINT WARNING * * *
The killer bee stings you.
* * * LOW HITPOINT WARNING * * *
The killer bee barely misses you. The killer bee misses you.
You are confused.
You feel invigorated.
You feel sick. The killer bee barely misses you.
The killer bee completely misses you. The killer bee stings you!
* * * LOW HITPOINT WARNING * * *
The killer bee stings you but does no damage.
The killer bee closely misses you. The killer bee barely misses you.
You feel sick. The killer bee barely misses you. The killer bee misses you.
You bump into the rock wall.
You feel sick. The killer bee stings you.
* * * LOW HITPOINT WARNING * * *
The killer bee stings you!
You die...

## .. ## .# .######
.##....... .
########### ......... .
..........# #.........
.. ..........#
#.......... .
..........###..........
#
.......<...@#..........
#
..........#yy†.........
#
............#..........
#
###########.#..........
# #.#.......... #
#.#.......... ####
#.###...#######...
#........# ##..#.
####.#...# #...#.


You could see 2 killer bees.

Vanquished Creatures
  A hippogriff (D:7)
  Sigmund (D:2)
  A sky beast (D:8)
  An ogre (D:4)
  A phantom (D:4)
  The ghost of ThisFiasco the Pure, an amateur DsAK of Lugonu (D:3)
  A centaur (D:5)
  Blork the orc (D:4)
  2 bullfrogs (D:7)
  A gnoll sergeant (D:7)
  A water moccasin zombie (D:5)
  A scorpion (D:5)
  2 killer bees (D:8)
  A crimson imp (D:7)
  A centaur zombie (D:6)
  4 hounds
  2 orc wizards
  2 orc priests (D:5)
  2 jellies (D:7)
  An iguana (D:4)
  A bullfrog skeleton (D:5)
  4 worker ants
  Terence (D:3)
  13 gnolls
  A howler monkey skeleton (D:7)
  11 adders
  An adder zombie (D:7)
  3 worms
  5 dart slugs
  2 leopard geckos
  8 orcs
  21 giant cockroaches
  2 goblins
  6 hobgoblins
  12 jackals
  3 quokkas
  4 ball pythons
  9 bats
  7 frilled lizards
  A giant cockroach zombie (D:5)
  6 kobolds
  6 rats
155 creatures vanquished.

Notes
Turn   | Place    | Note
-------+----------+-------------------------------------------
     0 | D:1      | Gildeon the Troll Fighter began the quest for the Orb.
     0 | D:1      | Reached XP level 1. HP: 22/22 MP: 0/0
   126 | D:1      | Reached XP level 2. HP: 29/29 MP: 1/1
   140 | D:1      | Reached skill level 2 in Polearms
   578 | D:2      | Reached XP level 3. HP: 33/36 MP: 2/2
   712 | D:2      | Reached skill level 1 in Armour
   800 | D:2      | Noticed Sigmund
   821 | D:2      | Reached XP level 4. HP: 14/44 MP: 3/3
   982 | D:2      | Killed Sigmund
   982 | D:2      | Reached skill level 3 in Polearms
   982 | D:2      | Reached XP level 5. HP: 43/53 MP: 4/4
  1125 | D:2      | Reached XP level 6. HP: 61/61 MP: 5/5
  1313 | D:3      | Noticed ThisFiasco's ghost (amateur DsAK)
  1327 | D:3      | Killed ThisFiasco's ghost
  1548 | D:3      | Noticed Terence
  1582 | D:3      | Killed Terence
  1582 | D:3      | Reached skill level 4 in Polearms
  1969 | D:4      | Reached XP level 7. HP: 64/68 MP: 6/6
  1970 | D:4      | Noticed Blork the orc
  1982 | D:4      | Killed Blork the orc
  2635 | D:5      | Entered Level 5 of the Dungeon
  2741 | D:5      | Reached skill level 5 in Polearms
  2831 | D:5      | Reached XP level 8. HP: 62/78 MP: 7/7
  2967 | D:5      | Found a sparkling altar of Nemelex Xobeh.
  3139 | D:6      | Found a staircase to the Ecumenical Temple.
  3148 | Temple   | Entered the Ecumenical Temple
  3161 | Temple   | Became a worshipper of Trog the Wrathful
  3565 | D:6      | Found a sacrificial altar of Ru.
  3710 | D:6      | Noticed 4thArraOfDagon's ghost (novice HOFi)
  4396 | D:7      | Noticed a hippogriff
  4414 | D:7      | Killed a hippogriff
  4414 | D:7      | Reached skill level 6 in Polearms
  4636 | D:7      | Found a shadowy altar of Dithmenos.
  4636 | D:7      | Found a white marble altar of Elyvilon.
  4643 | D:7      | Found a glowing golden altar of the Shining One.
  4806 | D:8      | Noticed a hornet
  5001 | D:7      | Reached skill level 5 in Fighting
  5001 | D:7      | Reached skill level 5 in Dodging
  5007 | D:7      | Reached XP level 9. HP: 48/88 MP: 8/8
  5106 | D:8      | HP: 1/88 [killer bee (7)]
  5108 | D:8      | Slain by a killer bee

Vault maps used:
D:1:      mrwooster_arrival_statue_2
D:2:      uniq_sigmund
D:3:      minmay_roachtagon, uniq_terence
D:4:      uniq_blork_the_orc
D:5:      nemelex_xobeh_ov_fountains_minmay, first_ration
D:6:      kennysheep_mini, minmay_temple_entry_glassed_door
D:7:      gammafunk_temple_overflow_wave, kennysheep_little_box
D:8:      slow_altar_2
Temple:   compressed_dpeg_circular_temple

Skill      XL: |  1  2  3  4  5  6  7  8 |
---------------+-------------------------+-----
Polearms       | 2 3 4 5 6 |  6.6
Armour         | 1 2 3 4 |  4.3
Fighting       | 3 4 5 |  5.0
Dodging        | 3 4 5 |  5.0
Shields        | |  2.4

Action                   |  1- 3 |  4- 6 |  7- 9 || total
-------------------------+-------+-------+-------++-------
Melee: Trident           |   152 |   215 |   325 ||   692
       Halberd           |       |       |     6 ||     6
  Use: Scroll            |     6 |     1 |     6 ||    13
       Potion            |       |     2 |     4 ||     6
 Stab: Sleeping          |       |     1 |       ||     1
  Eat: Chunk             |    13 |    12 |    27 ||    52
Armor: Robe              |    95 |   100 |    91 ||   286
       Skin              |       |     7 |       ||     7
Dodge: Dodged            |    69 |   125 |   175 ||   369

Table legend:
 A = Spawn XP
 B = Non-spawn XP
 C = Spawn XP percentage of total XP
 D = Spawn monster count
 E = Non-spawn monster count
 F = Spawn count percentage of total count
 G = Total turns spent on level
                    A         B        C        D         E        F      G
               +---------+---------+-------+---------+---------+-------+---------
         Total |       0 |    3034 |   0.0 |       0 |     155 |   0.0 |  5108
               +---------+---------+-------+---------+---------+-------+---------
           D:1 |       0 |      67 |   0.0 |       0 |      23 |   0.0 |   620
           D:2 |       0 |     316 |   0.0 |       0 |      22 |   0.0 |   564
           D:3 |       0 |     304 |   0.0 |       0 |      44 |   0.0 |   769
           D:4 |       0 |     410 |   0.0 |       0 |      12 |   0.0 |   682
           D:5 |       0 |     512 |   0.0 |       0 |      17 |   0.0 |   474
           D:6 |       0 |     155 |   0.0 |       0 |       9 |   0.0 |   774
           D:7 |       0 |     966 |   0.0 |       0 |      24 |   0.0 |  1102
           D:8 |       0 |     304 |   0.0 |       0 |       4 |   0.0 |    99
               +---------+---------+-------+---------+---------+-------+---------
